 Dungeon Crawl Stone Soup version 0.26-a0-1079-g3a4175ecf3 (webtiles) character file.

Game seed: 18332488453186147108

6702 Kadekuru the Grappler (level 10, -2/94 HPs)
             Began as a Troll Fighter on Dec 13, 2020.
             Was a High Priest of Okawaru.
             Slain by a molten gargoyle
             ... wielding a +0 mace
              (6 damage)
             ... on level 9 of the Dungeon on Dec 14, 2020.
             The game lasted 00:42:36 (6696 turns).

Kadekuru the Grappler (Troll Fighter)               Turns: 6696, Time: 00:42:38

Health: -2/94      AC:  9    Str: 26    XL:     10   Next: 74%
Magic:  9/9        EV: 12    Int:  7    God:    Okawaru [*****.]
Gold:   539        SH: 11    Dex: 18    Spells: 9/9 levels left

rFire    + . .     SeeInvis +     - Unarmed
rCold    x . .     Faith    .   b - +0 kite shield
rNeg     . . .     Spirit   .   j - +2 robe of Classification {Dex+6 SInv}
rPois    .         Reflect  .   a - +1 hat {Int+3}
rElec    .         Harm     +   e - scarf {harm}
rCorr    +         Rampage  .   (gloves unavailable)
Will     .....                  (boots unavailable)
Stlth    ++........             (no amulet)
HPRegen  0.65/turn              f - ring of resist corrosion
MPRegen  0.11/turn              l - ring of fire

@: mighty
A: large, unfitting armour, antennae 1, claws 3, talons 1, regeneration 1,
shaggy fur 1, tough skin 3, sturdy frame 1
a: Heroism, Finesse, Renounce Religion


You were on level 9 of the Dungeon.
You worshipped Okawaru.
Okawaru was extremely pleased with you.
You visited 2 branches of the dungeon, and saw 10 of its levels.

You collected 539 gold pieces.

Inventory:

Hand Weapons
 x - a +1 short sword of venom
 H - a +1 whip of electrocution
 J - the +7 rapier of Psychosis {flame, +Rage Str+3 SInv Stlth+}
   (You found it on level 7 of the Dungeon)

   It has been specially enchanted to burn those struck by it, causing extra
   injury to most foes and up to half again as much damage against particularly
   susceptible opponents.
   It affects your strength (+3).
   It lets you see invisible.
   It lets you go berserk.
   It makes you more stealthy.
Missiles
 k - 3 curare-tipped darts
 p - 5 large rocks
 r - 2 silver boomerangs (quivered)
 u - 3 javelins
Armour
 a - a +1 hat of intelligence (worn)
 b - a +0 kite shield (worn)
 e - a scarf of harm (worn)
 j - the +2 robe of Classification (worn) {Dex+6 SInv}
   (You found it on level 8 of the Dungeon)

   It affects your dexterity (+6).
   It lets you see invisible.
 D - a +0 hat
 I - a +2 robe of positive energy
Jewellery
 f - a ring of resist corrosion (left claw)
 l - a ring of fire (right claw)
 C - an uncursed ring of ice
Wands
 y - a wand of digging (6)
 G - a wand of flame (14)
Scrolls
 g - 5 scrolls of amnesia
 n - 3 scrolls of teleportation
 s - a scroll of magic mapping
 v - 6 scrolls of remove curse
Potions
 c - 3 potions of might
 d - a potion of attraction {unknown}
 h - a potion of lignification
 i - 2 potions of curing
 m - a potion of mutation
 o - 2 potions of haste
 q - 2 potions of cancellation
 w - 2 potions of flight
 z - 2 potions of invisibility
 B - 2 potions of brilliance


   Skills:
 * Level 4.3 Fighting
 * Level 3.0 Short Blades
 + Level 5.2 Throwing
 + Level 5.8 Dodging
 + Level 2.8 Stealth
 + Level 5.8 Shields
 + Level 10.2 Unarmed Combat


You had 9 spell levels left.
You didn't know any spells.
Your spell library was empty.

Dungeon Overview and Level Annotations

Branches:
Dungeon (9/15)             Temple (0/1) D:4            Lair (1/6) D:8
    Orc: D:9-12

Altars:
Dithmenos
Elyvilon
Fedhas
Kikubaaqudgha
Nemelex Xobeh
Okawaru
Qazlal
Ru
Sif Muna
Trog
Wu Jian
Yredelemnul
Beogh

Shops:
D:6 (

Annotations:
Lair:1 3 runed translucent doors, SkaryMonk's ghost, journeyman OpTm


Innate Abilities, Weirdness & Mutations

You are too large for most types of armour.
You have claws for hands.
Your natural rate of healing is unusually fast.
You are covered in fur. (AC +1)
You have extremely tough skin. (AC +3)
You have a pair of small antennae on your head.
You have sharp toenails.
Your movements are slightly less encumbered by armour. (ER -2)


Message History

You claw the molten gargoyle! Your kick misses the molten gargoyle.
The molten gargoyle is heavily damaged.
The molten gargoyle hits you with a +0 mace.
You are engulfed in flames.
You resist.
You claw the molten gargoyle!
You destroy the molten gargoyle!
Okawaru is honoured by your kill. Something appears at your feet!
Okawaru grants you ammunition!
The molten gargoyle blasts magma at you!
The bolt of magma hits you! You partially resist.
* * * LOW HITPOINT WARNING * * *
Your Short Blades skill increases to level 3!
You claw the molten gargoyle!
You claw the molten gargoyle, but do no damage.
The molten gargoyle is severely damaged.
The molten gargoyle hits you with a +0 mace!
* * * LOW HITPOINT WARNING * * *
You are engulfed in flames.
You resist.
You die...

............#
#####.......#
... #.......#
....#.......#
#.#.#.#.#...#
.#.#.#.#....#
....§...#...#
§≈≈≈§§.#....#
≈≈≈≈§§9@#....#
≈≈88§S)#.....#
§§88≈≈≈ #....#
§§§9≈≈. .....#
≈§§§≈≈. #....#
.§§§... .....#
#.#.#.# ....#
.#.#.# ..#


You could see 2 molten gargoyles and a lava snake.

Vanquished Creatures
  A two-headed ogre (D:8)
  Pikel (D:6)
  2 molten gargoyles (D:9)
  Prince Ribbit (D:6)
  Sigmund (D:6)
  A wyvern (D:9)
  3 yaks (Lair:1)
  A water moccasin (Lair:1)
  3 orc warriors
  3 sky beasts
  4 phantoms
  2 black bears
  2 ice beasts
  5 necrophages
  3 centaurs
  An ogre (D:4)
  A lemure (D:6)
  4 bullfrogs
  A wyvern zombie (D:6)
  4 scorpions
  3 wights (D:8)
  A howler monkey (D:8)
  2 centaur zombies (D:7)
  A jelly (D:7)
  A bullfrog zombie (D:9)
  6 hounds
  6 orc wizards
  3 bullfrog skeletons
  5 orc priests
  Natasha (thrice) (D:2)
  Terence (D:3)
  6 worker ants
  A killer bee zombie (D:6)
  A hound zombie (D:8)
  A worker ant zombie (D:3)
  9 adders
  A gnoll (D:1)
  A white imp (D:6)
  An ufetubus (D:6)
  An ooze (D:1)
  2 adder skeletons (D:4)
  3 worms
  2 dart slugs
  8 leopard geckos
  43 orcs
  8 giant cockroaches
  7 goblins
  9 hobgoblins
  11 jackals
  6 kobolds
  3 quokkas
  A ball python skeleton (D:4)
  5 bats
  4 frilled lizards
  2 gnoll zombies (D:7)
  A jackal skeleton (D:5)
  A quokka zombie (D:6)
  12 rats
  A bush (D:6)
  A butterfly (D:4)
228 creatures vanquished.

Vanquished Creatures (others)
  A bush (D:6)
  6 fungi (D:8)
  15 plants
22 creatures vanquished.

Grand Total: 250 creatures vanquished

Notes
Turn   | Place    | Note
-------+----------+-------------------------------------------
     0 | D:1      | Kadekuru the Troll Fighter began the quest for the Orb.
     0 | D:1      | Reached XP level 1. HP: 22/22 MP: 0/0
    97 | D:1      | Reached XP level 2. HP: 29/29 MP: 1/1
   319 | D:1      | Reached XP level 3. HP: 36/36 MP: 2/2
   653 | D:2      | Reached XP level 4. HP: 41/44 MP: 3/3
   716 | D:2      | Noticed Natasha
   731 | D:2      | Killed Natasha
   732 | D:2      | Reached skill level 3 in Unarmed Combat
   823 | D:2      | Noticed Natasha
   832 | D:2      | Killed Natasha
   833 | D:2      | Reached XP level 5. HP: 43/52 MP: 4/4
   925 | D:2      | Noticed Natasha
   931 | D:2      | Killed Natasha
  1280 | D:3      | Noticed Terence
  1294 | D:3      | Killed Terence
  1295 | D:3      | Reached skill level 4 in Unarmed Combat
  1350 | D:3      | Reached XP level 6. HP: 52/59 MP: 5/5
  1657 | D:3      | Gained mutation: You have sharp toenails. [potion of
                  | mutation]
  1657 | D:3      | Gained mutation: Your movements are slightly less
                  | encumbered by armour. (ER -2) [potion of mutation]
  1657 | D:3      | Gained mutation: You have a pair of small antennae on your
                  | head. [potion of mutation]
  2232 | D:4      | Found an iron altar of Okawaru.
  2234 | D:4      | Found a stormy altar of Qazlal.
  2244 | D:4      | Became a worshipper of Warmaster Okawaru
  2290 | D:5      | Entered Level 5 of the Dungeon
  2297 | D:5      | Reached skill level 5 in Unarmed Combat
  2303 | D:5      | Reached XP level 7. HP: 59/67 MP: 6/6
  2309 | D:5      | Reached skill level 1 in Stealth
  2792 | D:4      | Found a staircase to the Ecumenical Temple.
  2894 | D:4      | Reached * piety under Okawaru
  2895 | D:4      | Reached skill level 6 in Unarmed Combat
  2900 | D:4      | Reached XP level 8. HP: 52/75 MP: 7/7
  3070 | D:4      | Found a white marble altar of Elyvilon.
  3155 | D:6      | Found a blossoming altar of Fedhas.
  3248 | D:6      | Reached skill level 7 in Unarmed Combat
  3300 | D:6      | Reached ** piety under Okawaru
  3301 | D:6      | Reached skill level 1 in Throwing
  3373 | D:6      | Noticed Pikel
  3452 | D:6      | Noticed Prince Ribbit
  3461 | D:6      | Killed Prince Ribbit
  3462 | D:6      | Reached skill level 5 in Dodging
  3519 | D:6      | Killed Pikel
  3519 | D:6      | Reached *** piety under Okawaru
  3520 | D:6      | Reached skill level 8 in Unarmed Combat
  3520 | D:6      | Reached XP level 9. HP: 44/83 MP: 8/8
  3619 | D:6      | Noticed Sigmund
  3627 | D:6      | Killed Sigmund
  3649 | D:6      | Reached skill level 5 in Shields
  3766 | D:6      | Found Neepe's Weapon Shoppe.
  4246 | D:7      | Reached **** piety under Okawaru
  4288 | D:7      | Found a bloodstained altar of Trog.
  4305 | D:7      | Found a shadowy altar of Dithmenos.
  4317 | D:7      | Got a translucent rapier
  4318 | D:7      | Identified the +7 rapier of Psychosis {flame, +Rage Str+3
                  | SInv Stlth+} (You found it on level 7 of the Dungeon)
  4430 | D:7      | Reached skill level 9 in Unarmed Combat
  4728 | D:7      | Found a basalt altar of Yredelemnul.
  4844 | D:8      | Found a staircase to the Lair.
  4852 | D:8      | Noticed a two-headed ogre
  4863 | D:8      | Killed a two-headed ogre
  4864 | D:8      | Reached skill level 1 in Short Blades
  4864 | D:8      | Reached XP level 10. HP: 11/92 MP: 9/9
  5001 | D:8      | Found an ornate altar of the Wu Jian Council.
  5001 | D:8      | Found an ancient bone altar of Kikubaaqudgha.
  5001 | D:8      | Found a shimmering blue altar of Sif Muna.
  5013 | D:8      | Got a thick robe
  5016 | D:8      | Identified the +2 robe of Classification {Dex+6 SInv} (You
                  | found it on level 8 of the Dungeon)
  5028 | D:8      | Found a sacrificial altar of Ru.
  5131 | D:8      | Found a roughly hewn altar of Beogh.
  6238 | Lair:1   | Entered Level 1 of the Lair of Beasts
  6310 | Lair:1   | Reached ***** piety under Okawaru
  6328 | Lair:1   | Found a runed translucent gate.
  6328 | Lair:1   | Found a runed translucent gate.
  6328 | Lair:1   | Found a runed translucent gate.
  6332 | Lair:1   | Noticed SkaryMonk's ghost (journeyman OpTm)
  6441 | D:9      | Found a sparkling altar of Nemelex Xobeh.
  6493 | D:9      | Reached skill level 10 in Unarmed Combat
  6580 | D:9      | Received a gift from Okawaru
  6686 | D:9      | Noticed a molten gargoyle
  6688 | D:9      | Noticed a molten gargoyle
  6689 | D:9      | Noticed a molten gargoyle
  6692 | D:9      | Killed a molten gargoyle
  6693 | D:9      | Reached skill level 5 in Throwing
  6694 | D:9      | Noticed a molten gargoyle
  6695 | D:9      | Killed a molten gargoyle
  6695 | D:9      | Received a gift from Okawaru
  6696 | D:9      | HP: 4/94 [molten gargoyle/+0 mace (13)]
  6696 | D:9      | Slain by a molten gargoyle

Illustrated notes

Levels and vault maps discovered:
D:1:      scummos_arrival_forest, layout_loops_ring
D:2:      layout_rooms, minmay_3d_cube, uniq_natasha
D:3:      layout_loops_cross, uniq_terence
D:4:      layout_basic, chequers_temple_overflow_statue_of_worship,
          kennysheep_mini, minmay_temple_entry_butterflies
D:5:      layout_rooms, chequers_serial_rivers_small_3
D:6:      layout_rooms, fedhas_altar_decomposition, serial_shops,
          nicolae_shop_trees, uniq_sigmund, uniq_pikel, uniq_prince_ribbit1
D:7:      layout_loops_ring, overflow_temple_1_default,
          lemuel_zombie_altar_yredelemnul, lemuel_crystal_altar
D:8:      layout_layer_cave, grunt_temple_overflow_open, kennysheep_little_box,
          dpeg_oklobed_lair, special_room [special_room_orc]
D:9:      minmay_klotski, layout_irregular_city,
          nemelex_xobeh_ov_fountains_minmay, nicolae_overflow_crystal_walls,
          minivault_8
Lair:1:   layout_gridlike, gammafunk_ghost_cemetery

Skill      XL: |  1  2  3  4  5  6  7  8  9 10 |
---------------+-------------------------------+-----
Shields        | 3 4 5 |  5.8
Dodging        | 3 4 5 |  5.8
Unarmed Combat | 3 4 5 6 8 9 10 | 10.2
Fighting       | 3 4 |  4.3
Stealth        | 1 2 |  2.8
Throwing       | 2 3 5 |  5.2
Short Blades   | 1 3 |  3.0

Action                   |  1- 3 |  4- 6 |  7- 9 | 10-12 || total
-------------------------+-------+-------+-------+-------++-------
Melee: Unarmed           |    80 |   170 |   236 |    95 ||   581
       Kick              |       |    14 |    72 |    29 ||   115
Throw: Boomerang         |       |       |    32 |    57 ||    89
       Dart              |       |       |       |     1 ||     1
  Use: Scroll            |     1 |     3 |     2 |    18 ||    24
       Potion            |       |     2 |       |     3 ||     5
 Stab: Sleeping          |     1 |     2 |     6 |     2 ||    11
Armor: Robe              |    17 |    44 |    56 |    10 ||   127
Dodge: Dodged            |    17 |    47 |    63 |    26 ||   153
Block: Kite shield       |    44 |    53 |    93 |    33 ||   223

Table legend: (Time is in decaauts)
 A = Elapsed time spent in this place.
 B = Non-inter-level travel time spent in this place.
 C = Inter-level travel time spent in this place.
 D = Time resting spent in this place.
 E = Time spent auto-exploring this place.
 F = Levels seen in this place.
 G = Mean time per level.
                   A        B        C        D        E       F      G
               +--------+--------+--------+--------+--------+-----+--------+
         Total |   6677 |   6378 |    299 |    285 |   4461 |  10 |  667.7 |
       Dungeon |   6560 |   6296 |    264 |    285 |   4417 |   9 |  728.9 |
          Lair |    116 |     81 |     35 |      0 |     44 |   1 |  116.0 |
               +--------+--------+--------+--------+--------+-----+--------+

Top non-repeatable levels by time:
     D:8: 1541 daAuts
     D:6: 929 daAuts
     D:7: 723 daAuts
     D:3: 695 daAuts
     D:4: 659 daAuts
     D:2: 659 daAuts
     D:1: 621 daAuts
     D:5: 480 daAuts
     D:9: 252 daAuts
  Lair:1: 116 daAuts
